 Dungeon Crawl Stone Soup version 0.20.0-15-g7f486f2 (webtiles) character file.

29898 vishdafish the Basher (level 13, -23/83 HPs)
             Began as a Gargoyle Fighter on June 19, 2017.
             Was a Follower of Okawaru.
             Killed from afar by a balrug (41 damage)
             ... with a fireball
             ... on level 3 of the Abyss.
             The game lasted 00:48:46 (12738 turns).

vishdafish the Basher (Gargoyle Fighter)           Turns: 12738, Time: 00:48:46

Health: -23/83     AC: 28    Str: 29    XL:     13   Next: 48%
Magic:  18/18      EV:  9    Int:  8    God:    Okawaru [*.....]
Gold:   502        SH: 13    Dex: 11    Spells: 19/19 levels left

rFire    . . .     SeeInvis .   X - +1 whip (vamp)
rCold    . . .     Gourm    .   c - +0 shield
rNeg     + . .     Faith    .   d - +0 plate armour
rPois    ∞         Spirit   .   l - +0 helmet
rElec    +         Reflect  .   g - +0 cloak
rCorr    .         Harm     .   (no gloves)
MR       .....                  (no boots)
Stlth    +.........             y - amulet of regeneration
Regen    0.7/turn               n - ring of stealth
MPRegen  0.2/turn               i - +5 ring of strength

@: no status effects
A: hooves 1, yellow scales 1, blurry vision 1, negative energy resistance 1,
robust 1, electricity resistance, unbreathing, petrification resistance, rot
immunity, AC +9
a: Heroism, Renounce Religion


You were on level 3 of the Abyss.
You worshipped Okawaru.
Okawaru was aware of your devotion.
You were not hungry.

You visited 2 branches of the dungeon, and saw 11 of its levels.
You visited the Abyss 1 time.

You collected 502 gold pieces.

Inventory:

Hand Weapons
 S - the +8 mace of Variability {chaos}
   (You found it on level 9 of the Dungeon)

   Each time it hits an enemy it has a different, random effect.
 W - a +0 blowgun
 X - a +1 vampiric whip (weapon)
Missiles
 E - 4 curare-tipped needles
Armour
 b - a +0 scale mail
 c - a +0 shield (worn)
 d - a +0 plate armour (worn)
 g - a +0 cloak (worn)
 l - a +0 helmet (worn)
Jewellery
 f - an uncursed ring of protection from magic
 i - a +5 ring of strength (right hand)
 m - an uncursed ring of ice
 n - a ring of stealth (left hand)
 r - an uncursed ring of stealth
 v - an uncursed ring of resist corrosion
 y - an amulet of regeneration (around neck)
Wands
 e - a wand of disintegration (0/24)
 k - a wand of acid (2/15)
 o - a wand of paralysis (13/24)
 J - a wand of flame (35/48)
 K - a wand of random effects (12/48)
 V - a wand of lightning (7/15)
 Z - a wand of scattershot (2/9)
Scrolls
 h - 2 scrolls of noise
 w - 4 scrolls of remove curse
 x - 3 scrolls of magic mapping {unknown}
 G - 2 scrolls of immolation {unknown}
 N - a scroll of fear
 P - a scroll of enchant armour {unknown}
 Q - a scroll of enchant weapon {unknown}
 T - a scroll of holy word {unknown}
 U - a scroll of recharging {unknown}
Potions
 a - a potion of brilliance {unknown}
 j - a potion of ambrosia
 t - a potion of flight {unknown}
 u - 3 potions of curing
 z - 2 potions of cancellation
 B - 2 potions of haste
 D - 3 potions of heal wounds
 Y - a potion of agility {unknown}
Books
 p - a book of Changes

   Spells                             Type                      Level
   a - Beastly Appendage              Transmutation                1
   b - Sticks to Snakes               Transmutation                2
   c - Spider Form                    Transmutation/Poison         3
   d - Ice Form                       Ice/Transmutation            4
   e - Blade Hands                    Transmutation                5
Comestibles
 A - 9 royal jellies


   Skills:
 + Level 7.3 Fighting
 + Level 11.1 Maces & Flails
 + Level 10.4 Armour
 + Level 4.4 Dodging
 + Level 9.8 Stealth
 + Level 10.6 Shields
 + Level 3.8 Spellcasting
 + Level 3.8 Evocations


You had 19 spell levels left.
You didn't know any spells.

Dungeon Overview and Level Annotations

Branches:
Dungeon (10/15)            Temple (1/1) D:7
   Lair: D:8-11         Orc: D:9-12

Altars:
Ashenzari
Cheibriados
Dithmenos
Elyvilon
Fedhas
Gozag
Hepliaklqana
Kikubaaqudgha
Makhleb
Nemelex Xobeh
Okawaru
Qazlal
Ru
Sif Muna
Trog
Uskayaw
Vehumet
Xom
Yredelemnul
Zin
The Shining One

Shops:
D:5 }   D:10 :

Annotations:
D:10 Josephine


Innate Abilities, Weirdness & Mutations

You are resistant to torment.
Your stone body is resilient. (AC +9)
You are immune to poison.
You resist negative energy. (rN+)
You are resistant to electric shocks. (rElec)
You can survive without breathing.
You are immune to petrification.
You are immune to rotting.
You have large cloven feet.
You are partially covered in yellow scales. (AC +2)
Scrolls take you a little longer to read.
You are robust. (+10% HP)


Message History

Something smites you!
A red devil and a sun demon come into view.
The balrug hits you with a demon whip of venom.
You are engulfed in flames!!
You block the balrug's attack.
Found a glowing flail.
The red devil barely misses you. The balrug barely misses you.
You block the red devil's attack. The balrug closely misses you.
The balrug hits you but does no damage.
The red devil hits you but does no damage.
The sun demon shouts!
The balrug hits you with a demon whip of venom.
You are engulfed in flames!!
* * * LOW HITPOINT WARNING * * *
You block the red devil's attack. The balrug closely misses you.
You block the red devil's attack. You block the balrug's attack.
You block the red devil's attack. The balrug gestures at you.
The fireball explodes!
The fireball engulfs you!
You die...

# #### .
##.#@#.#
.2.
.#2#3.#
# #.3
#4.# ).
...#.
.## . #
#.#..
..# #
##.. # #
#. ## #
#)


You could see a balrug, 2 sun demons and a red devil.

Vanquished Creatures
  A two-headed ogre (D:6)
  Maurice (D:10)
  A demonic crawler (Abyss:3)
  A hippogriff (D:9)
  Sigmund (D:2)
  4 wraiths
  4 hogs (D:8)
  A human (D:8)
  9 yaks
  Eustachio (D:5)
  A fire bat (Abyss:3)
  2 chaos spawn (D:9)
  A hungry ghost (D:9)
  Menkaure (D:5)
  Duvessa (D:5)
  5 orc warriors
  3 sky beasts
  4 ice beasts
  2 black bears (D:8)
  8 ogres
  2 phantoms
  3 centaurs
  2 big kobolds
  6 bullfrogs
  A gnoll sergeant (D:9)
  Dowan (D:5)
  3 scorpions
  4 killer bees
  An electric eel (D:9)
  4 wights
  4 crimson imps
  2 bullfrog zombies (D:8)
  A centaur zombie (D:8)
  3 orc priests
  A centaur skeleton (D:8)
  A bullfrog skeleton (D:5)
  8 hounds
  A quasit (D:10)
  Crazy Yiuf (D:2)
  4 jellies
  12 orc wizards
  5 iguanas
  7 worker ants
  A hound skeleton (D:4)
  A howler monkey zombie (D:7)
  3 worker ant zombies
  Robin (D:2)
  6 gnolls (D:9)
  A howler monkey skeleton (D:9)
  5 adders
  3 shadow imps
  2 oozes
  An adder skeleton (D:5)
  2 worms (D:2)
  2 dart slugs
  7 leopard geckos
  33 orcs
  2 giant cockroaches
  15 goblins
  8 hobgoblins
  13 jackals
  4 quokkas
  9 bats
  8 frilled lizards
  21 kobolds
  A leopard gecko zombie (D:6)
  A quokka skeleton (D:6)
  A quokka zombie (D:6)
  11 rats
  A fungus (D:2)
292 creatures vanquished.

Vanquished Creatures (others)
  A fire bat (Abyss:3)
1 creature vanquished.

Grand Total: 293 creatures vanquished

Notes
Turn   | Place    | Note
-------+----------+-------------------------------------------
     0 | D:1      | vishdafish the Gargoyle Fighter began the quest for the Orb.
     0 | D:1      | Reached XP level 1. HP: 14/14 MP: 1/1
    87 | D:1      | Reached XP level 2. HP: 16/19 MP: 2/2
   380 | D:1      | Reached XP level 3. HP: 19/23 MP: 3/3
   991 | D:2      | Found a burning altar of Makhleb.
  1193 | D:2      | Noticed Robin
  1239 | D:2      | Reached XP level 4. HP: 10/28 MP: 4/4
  1264 | D:2      | Killed Robin
  1528 | D:2      | Reached skill level 3 in Maces & Flails
  1636 | D:2      | Noticed Sigmund
  1932 | D:2      | Killed Sigmund
  1932 | D:2      | Reached skill level 1 in Dodging
  1932 | D:2      | Reached skill level 5 in Shields
  1932 | D:2      | Reached XP level 5. HP: 8/33 MP: 5/5
  1932 | D:2      | Reached XP level 6. HP: 10/38 MP: 6/6
  1937 | D:2      | Reached skill level 4 in Maces & Flails
  2467 | D:2      | Found a runed door.
  2471 | D:2      | Noticed Crazy Yiuf
  2483 | D:2      | Killed Crazy Yiuf
  2858 | D:3      | Found a sacrificial altar of Ru.
  2918 | D:3      | Found a deep blue altar of Sif Muna.
  3485 | D:4      | Reached XP level 7. HP: 24/43 MP: 7/7
  3661 | D:4      | Reached skill level 5 in Maces & Flails
  4039 | D:5      | Entered Level 5 of the Dungeon
  4056 | D:5      | Reached skill level 6 in Maces & Flails
  4056 | D:5      | Reached XP level 8. HP: 35/48 MP: 8/8
  4164 | D:5      | Noticed Eustachio
  4174 | D:5      | Killed Eustachio
  4204 | D:5      | Noticed Duvessa
  4206 | D:5      | Noticed Dowan
  4225 | D:5      | Killed Duvessa
  4225 | D:5      | Reached skill level 5 in Armour
  4248 | D:5      | Killed Dowan
  4248 | D:5      | Reached skill level 5 in Fighting
  4302 | D:5      | Found Xonus's Gadget Shop.
  4405 | D:5      | Found a shadowy altar of Dithmenos.
  4534 | D:5      | Reached skill level 7 in Maces & Flails
  4546 | D:5      | Noticed Menkaure
  4556 | D:5      | Killed Menkaure
  4698 | D:5      | Found a blossoming altar of Fedhas.
  4704 | D:5      | Found an opulent altar of Gozag.
  4704 | D:5      | Found a blossoming altar of Fedhas.
  4706 | D:5      | Found a shimmering altar of Xom.
  4706 | D:5      | Found a burning altar of Makhleb.
  4706 | D:5      | Found a hazy altar of Hepliaklqana.
  4840 | D:6      | Reached XP level 9. HP: 37/54 MP: 9/9
  5268 | D:6      | Reached skill level 8 in Maces & Flails
  5289 | D:6      | Found a glowing silver altar of Zin.
  5475 | D:6      | Noticed a two-headed ogre
  5763 | D:6      | Killed a two-headed ogre
  6380 | D:7      | Found a staircase to the Ecumenical Temple.
  6402 | D:7      | Reached XP level 10. HP: 48/60 MP: 10/10
  6403 | D:7      | Gained mutation: Your spells are a little easier to cast, but a little less powerful. [mutagenic meat]
  6404 | D:7      | Lost mutation: Your spells are a little easier to cast, but a little less powerful. [mutagenic meat]
  6405 | D:7      | Gained mutation: You have large cloven feet. [mutagenic meat]
  6406 | D:7      | Gained mutation: You are robust. (+10% HP) [mutagenic meat]
  6407 | D:7      | Gained mutation: You are partially covered in yellow scales. (AC +2) [mutagenic meat]
  6408 | D:7      | Gained mutation: Scrolls take you a little longer to read. [mutagenic meat]
  6421 | Temple   | Entered the Ecumenical Temple
  6701 | D:7      | Reached skill level 9 in Maces & Flails
  8156 | D:8      | Reached skill level 10 in Maces & Flails
  8606 | D:8      | Reached skill level 1 in Stealth
  8648 | D:8      | Found a sparkling altar of Nemelex Xobeh.
  8991 | D:9      | Found a shimmering altar of Xom.
  9118 | D:9      | Found a shimmering altar of Xom.
  9169 | D:9      | Reached XP level 11. HP: 50/72 MP: 11/11
  9277 | D:9      | Found an iron altar of Okawaru.
  9285 | D:9      | Became a worshipper of Warmaster Okawaru
  9427 | D:9      | Found a glowing silver altar of Zin.
  9774 | D:9      | Noticed a hand axe
  9774 | D:9      | Noticed a dagger
  9775 | D:9      | Found a hide-covered altar of Uskayaw.
 10077 | D:10     | Entered Level 10 of the Dungeon
 10510 | D:10     | Reached skill level 10 in Shields
 10524 | D:10     | Noticed Josephine
 10916 | D:10     | Reached skill level 10 in Armour
 10916 | D:10     | Reached XP level 12. HP: 79/79 MP: 11/17
 11041 | D:10     | Noticed Maurice
 11858 | D:9      | Reached * piety under Okawaru
 12048 | D:9      | Found a stormy altar of Qazlal.
 12121 | D:9      | Reached skill level 11 in Maces & Flails
 12315 | D:10     | Found Acrab's Book Emporium.
 12362 | D:10     | Killed Maurice
 12426 | D:10     | Cast into level 3 of the Abyss (Josephine)
 12462 | Abyss:3  | Reached XP level 13. HP: 83/83 MP: 18/18
 12664 | Abyss:3  | Noticed a balrug
 12738 | Abyss:3  | Killed from afar by a balrug

Skill      XL: |  1  2  3  4  5  6  7  8  9 10 11 12 |
---------------+-------------------------------------+-----
Shields        | 4 5 6 8 9 10 | 10.6
Maces & Flails | 3 4 6 7 8 10 11 | 11.1
Fighting       | 4 5 6 7 |  7.3
Armour         | 4 5 6 7 10 | 10.4
Dodging        | 1 2 3 4 |  4.4
Stealth        | 1 9 |  9.8
Spellcasting   | 3 |  3.8
Evocations     | 3 |  3.8

Action                   |  1- 3 |  4- 6 |  7- 9 | 10-12 | 13-15 || total
-------------------------+-------+-------+-------+-------+-------++-------
Melee: Flail             |   246 |   183 |   391 |   485 |       ||  1305
       Kick              |       |       |       |   398 |    34 ||   432
       Whip              |       |       |       |   587 |    66 ||   653
  Use: Potion            |       |     1 |     3 |     2 |       ||     6
       Scroll            |       |       |     7 |    15 |     2 ||    24
  Eat: Bread ration      |     1 |       |     1 |     3 |       ||     5
       Meat ration       |       |     1 |     1 |     4 |       ||     6
       Chunk             |       |       |       |     6 |       ||     6
Armor: Scale mail        |   210 |   102 |   154 |   434 |       ||   900
       Plate armour      |       |       |       |     6 |    52 ||    58
Dodge: Dodged            |   121 |    69 |    99 |   375 |    39 ||   703
Block: Shield            |   183 |   105 |   199 |   704 |    44 ||  1235
